 Dungeon Crawl Stone Soup version 0.31-a0-977-gc230f8ef24 (webtiles) character file.

Game seed: 17907840201023556358

161 strifetoe the Ruffian (level 5, 0/55 HPs)
             Began as a Djinni Shapeshifter on Oct 29, 2023.
             Slain by an orc warrior
             ... wielding a +0 mace
              (13 damage)
             ... on level 3 of the Dungeon.
             The game lasted 00:03:47 (2873 turns).

strifetoe the Ruffian (Djinni Shapeshifter)         Turns: 2873, Time: 00:03:48

Health: 0/55       AC: 22    Str: 15    XL:     5   Next: 70%
Gold:   201        EV:  2    Int: 12    God:
                   SH:  0    Dex: 12

rFire   . .          .
                       - Unarmed
rCold   . . .        (no shield)
rNeg    . . .        v - melded +0 ring mail
rPois   ∞            (helmet currently unavailable)
rElec   .            (cloak currently unavailable)
rCorr   .            (gloves currently unavailable)
SInv    .            (boots unavailable)
Will    .....        g - amulet of the acrobat
Stlth   +            j - ring of wizardry
HPRegen 0.29/turn    (no ring)
MPRegen 0.00/turn

%: acrobat, wizardry (x1), infuse magic (-1 HP)
@: tree-form
A: stationary, stasis, torment immunity, boosted hp, sickness immunity, (fire
resistance 2), (cold vulnerability 1), float, innate caster, HP casting, extra
vitality 1
a: no special abilities


You were on level 3 of the Dungeon.
You were a tree.
You visited 1 branch of the dungeon, and saw 4 of its levels.

You collected 201 gold pieces.

Inventory:

Hand Weapons
 e - a +1 dagger of holy wrath
Missiles
 u - 2 datura-tipped darts
Armour
 a - a +0 animal skin
 v - a +0 ring mail (melded)
Jewellery
 g - an amulet of the acrobat (around neck)
 j - a ring of wizardry (left branch)
Talismans
 c - a beast talisman (active)
 d - a flux talisman
 p - a maw talisman
Scrolls
 i - a scroll of fog {unknown}
 k - 2 scrolls of teleportation {unknown}
 l - 2 scrolls of identify {unknown}
 m - 2 scrolls of fear {unknown}
 o - a scroll of silence {unknown}
 s - a scroll of vulnerability {unknown}
 w - a scroll of enchant armour {unknown}
 x - 2 scrolls of noise {unknown}
 y - a scroll of poison {unknown}
Potions
 f - 2 potions of mutation {unknown}
 h - 2 potions of haste {unknown}
 n - 2 potions of curing {unknown}
 q - a potion of resistance {unknown}
 r - a potion of might {unknown}
 t - a potion of degeneration {unknown}
 z - a potion of attraction {unknown}


   Skills:
 - Level 1.0 Fighting
 - Level 2.2 Dodging
 + Level 5.7 Unarmed Combat
 - Level 3.0 Shapeshifting


You knew the following spells:

 Your Spells              Type           Power      Damage    Failure   Level
a - Slow                  Hex            0%         N/A       13%         1
b - Searing Ray           Conj           0%         2d4       21%         2
Your spell library was empty.

Dungeon Overview and Level Annotations

Branches:
Dungeon (4/15)             Temple (0/1) D:4

Altars:
Makhleb
Qazlal

Annotations:
D:3 3 runed translucent doors, croobank's ghost, amateur FeFi


Innate Abilities, Weirdness & Mutations

You are a tree.
Your roots penetrate the ground, keeping you stationary.
You cannot be teleported.
You are immune to unholy pain and torment.
Your maximum health is greatly increased.
Your equipment is partially melded.
You are immune to sickness and miasma.
You are immune to poison.
((Your flesh is very heat resistant. (rF++)))
((You are vulnerable to cold. (rC-)))
You float through the air rather than walking.
You learn spells naturally, not from books.
Your magical power is your life essence.
You have superior vitality. (+4 MHP)


Message History

The orc warrior closely misses you.
The orc warrior attacks as it pursues you!
The orc warrior hits you with a +0 mace!
The orc warrior attacks as it pursues you!
The orc warrior barely misses you.
The howler monkey attacks as it pursues you!
The howler monkey completely misses you.
The howler monkey hoots and howls with incredible vigour!
The orc warrior attacks as it pursues you!
The orc warrior barely misses you.
The howler monkey hoots and howls with incredible vigour!
The orc warrior attacks as it pursues you!
The orc warrior hits you with a +0 mace!
The orc warrior attacks as it pursues you!
The orc warrior closely misses you.
The orc warrior attacks as it pursues you!
The orc warrior completely misses you.
The howler monkey hoots and howls with incredible vigour!
You hear an angry hiss.
The howler monkey hoots and howls with incredible vigour!
There is a stone staircase leading up here.
The orc warrior hits you with a +0 mace!
You fly upwards.
Level annotation: 3 runed translucent doors, croobank's ghost, amateur FeFi
There is a stone staircase leading down here.
Unknown command.
The orc warrior attacks as it pursues you!
The orc warrior completely misses you.
Okay, then.
Okay, then.
The orc warrior attacks as it pursues you!
The orc warrior hits you with a +0 mace!
* * * LOW HITPOINT WARNING * * *
Okay, then.
Okay, then.
Your transformation has ended.
You turn into a tree.
Your +0 ring mail melds into your body.
Your roots penetrate the ground.
The orc warrior hits you with a +0 mace!
You die...

..######.....#...# #...##.##.#
.........#.##.##.# #...#......
.......###.##.##.# #..........
..)....# #.##.##.######..).......
.......###.##.##<.........[......
...........##.##...>.............
#......###.......................
#......###.#.###o######..........
########.....# #♣...# #..........
#.#.#.###.##.# #...#......
#.#.##....##.# #...####### ##
#.#.......##.# #...# .##
#.#....[####.# #...##### ..##
#.#.##.......# ##......#
##.#####............###.......#
#.....>...##.#####.#.#.#####.###
##.##########.##.....#..##.......


You could see an orc warrior.

Vanquished Creatures
  Jessica (D:3)
  A gnoll (D:2)
  5 adders
  4 worms
  2 dart slugs
  3 orcs
  5 endoplasms
  3 giant cockroaches
  10 goblins
  4 hobgoblins
  2 jackals (D:2)
  6 kobolds
  2 quokkas
  6 ball pythons
  5 bats
  2 frilled lizards (D:3)
  3 rats
64 creatures vanquished.

Notes
Turn   | Place    | Note
-------+----------+-------------------------------------------
     0 | D:1      | strifetoe the Djinni Shapeshifter began the quest for the
                  | Orb.
     0 | D:1      | Reached XP level 1. HP: 17/17 MP: 0/0
   148 | D:1      | Reached XP level 2. HP: 14/22 MP: 0/0
   542 | D:1      | Found a faded altar of an unknown god.
   835 | D:2      | Reached XP level 3. HP: 27/27 MP: 0/0
   835 | D:2      | Learned a level 1 spell: Slow
   843 | D:2      | Reached skill level 4 in Unarmed Combat
  1013 | D:2      | Reached XP level 4. HP: 22/32 MP: 0/0
  1961 | D:3      | Noticed Jessica
  1971 | D:3      | Killed Jessica
  1972 | D:3      | Reached skill level 5 in Unarmed Combat
  1972 | D:3      | Reached XP level 5. HP: 24/37 MP: 0/0
  1972 | D:3      | Learned a level 2 spell: Searing Ray
  2114 | D:3      | Found a runed translucent gate.
  2114 | D:3      | Found a runed translucent gate.
  2114 | D:3      | Noticed croobank's ghost (amateur FeFi)
  2115 | D:3      | Found a runed translucent gate.
  2115 | D:3      | Noticed a kobold brigand
  2275 | D:3      | Found a burning altar of Makhleb.
  2638 | D:4      | Found a staircase to the Ecumenical Temple.
  2668 | D:4      | Found a stormy altar of Qazlal.
  2677 | D:4      | Noticed a water elemental
  2831 | D:4      | Noticed an orc warrior
  2832 | D:4      | Noticed an ice beast
  2873 | D:3      | Slain by an orc warrior

Illustrated notes

Levels and vault maps discovered:
D:1:      sevenhm_arrival_forest_fort_large_4, layout_loops_ring,
          ebering_ecumenical_altar_abandoned
D:2:      layout_basic, minmay_randomly_rotated_circles
D:3:      layout_loops_cross, lemuel_coloured_pillars_altar,
          gammafunk_ghost_nasty_kobolds, uniq_jessica
D:4:      layout_basic, nicolae_qazlal_style_of_elements,
          minmay_temple_entry_mist, serial_co_window_serial, co_window_paths_b,
          co_window_paths_b, co_window_paths_a, co_window_paths_b,
          co_window_of_opportunity_a, co_window_corner_b, co_window_paths_c,
          co_window_of_opportunity_b, co_window_corner_cb, co_window_broadway_b,
          co_window_2corner, co_window_paths_c, glass_columns_b,
          glass_columns_a, glass_columns_a, glass_columns_b, glass_columns_a,
          minivault_24, serial_bayou_pond_e, corexii_corridor_pit,
          minmay_manual_maat, uniq_edmund

Skill      XL: |  1  2  3  4 |
---------------+-------------+-----
Shapeshifting  | 3 |  3.0
Unarmed Combat | 4 5 |  5.7
Fighting       | |  1.0
Dodging        | |  2.2

Action                     |  1- 3 |  4- 6 || total
---------------------------+-------+-------++-------
  Melee: Unarmed           |    79 |    93 ||   172
         Punch             |     2 |     4 ||     6
    Use: Potion            |       |     1 ||     1
   Stab: Sleeping          |       |     2 ||     2
 Armour: Animal skin       |    54 |    24 ||    78
         Ring mail         |       |    16 ||    16
         Skin              |       |     1 ||     1
  Dodge: Dodged            |    58 |    67 ||   125
   Form: Beast             |     1 |       ||     1

Table legend: (Time is in decaauts)
 A = Elapsed time spent in this place.
 B = Non-inter-level travel time spent in this place.
 C = Inter-level travel time spent in this place.
 D = Time resting spent in this place.
 E = Time spent auto-exploring this place.
 F = Levels seen in this place.
 G = Mean time per level.
                   A        B        C        D        E       F      G
               +--------+--------+--------+--------+--------+-----+--------+
         Total |   2860 |   2765 |     95 |    204 |   2029 |   4 |  715.0 |
       Dungeon |   2860 |   2765 |     95 |    204 |   2029 |   4 |  715.0 |
               +--------+--------+--------+--------+--------+-----+--------+

Top non-repeatable levels by time:
     D:2: 966 daAuts
     D:1: 851 daAuts
     D:3: 790 daAuts
     D:4: 252 daAuts
